[Event "Early-Titled-Tuesday-Blitz-February-06-2024"]
[Site "Chess.com"]
[Date "2024.02.06"]
[Round "5"]
[White "Timerkhanov"]
[Black "Ruchess27"]
[Result "1-0"]
[WhiteElo "2642"]
[BlackElo "2453"]
[TimeControl "180+1"]
[EndTime "8:56:05 PST"]
[Termination "Timerkhanov won on time"]

1. d4 d5 2. Nf3 Nf6 3. g3 e6 4. Bg2 Be7 5. O-O O-O 6. Nbd2 b6 7. Ne5 Bb7 8. c4 c6 9. e4 Nbd7 10. Nxd7 Qxd7 11. e5 Ne8 12. b3 c5 13. dxc5 Bxc5 14. Bb2 Rd8 15. Qe2 dxc4 16. Nxc4 Bxg2 17. Kxg2 Nc7 18. a3 b5 19. Ne3 Qd2 20. Qxd2 Rxd2 21.
Bc3 Bxe3 22. Bxd2 Bxd2 23. Rfd1 Ba5 24. Rd7 Bb6 25. Rc1 Nd5 26. b4 g6 27. h4 h5 28.
Rc6 Re8 29. Kf3 Kg7 30. Ke2 Re7 31. Rxe7 Nxe7 32. Rc2 Nd5 33. Kf3 f6 34. exf6+ Kxf6 35. Ke4 Ke7 36. f3 Kd6 37. g4 Nf6+ 38. Kf4 e5+ 39. Kg5 Bd8 40. Rd2+ Nd5+ 41. Kxg6 hxg4 42. fxg4 Bxh4 43. g5 e4 44. Rh2 Bg3 45. Rh1 Ke5 46. Kf7 e3 47. g6 e2 48. g7 1-0

[Event "Early-Titled-Tuesday-Blitz-February-06-2024"]
[Site "Chess.com"]
[Date "2024.02.06"]
[Round "5"]
[White "Doublekk14"]
[Black "threemind"]
[Result "1-0"]
[WhiteElo "2302"]
[BlackElo "2128"]
[TimeControl "180+1"]
[EndTime "8:56:05 PST"]
[Termination "Doublekk14 won by resignation"]

1. c4 Nf6 2. Nc3 g6 3. e3 Bg7 4.
Nf3 O-O 5. d4 c6 6. Be2 d5 7.
O-O Bg4 8. b3 Nbd7 9. h3 Bxf3 10.
Bxf3 e5 11. cxd5 Nxd5 12. Nxd5 cxd5 13. Bxd5 exd4 14. Bxb7 Rb8 15. Bf3 dxe3 16. Bxe3 Bxa1 17. Qxa1 Re8 18. Bxa7 Rb5 19. Rd1 Qc7 20. Be3 Ne5 21. Bd5 Rd8 22. Be4 Rxd1+ 23. Qxd1 Ra5 24. a4 Ra6 25. Qa1 Nd7 26. Bh6 Qe5 27. Qxe5 Nxe5 28. Bf4 Nd7 29. Be3 Nf6 30. Bd3 Ra5 31. Bc4 Ne4 32.
Kf1 Nd6 33. Bd3 Nf5 34. Bxf5 Rxf5 35. b4 Rd5 36. a5 f5 37. Ke2 Kf7 38. a6 Ke6 39. a7 Rd8 40. Bc5 Kd5 41. Kf3 Kc6 42.
Kf4 Kb7 43. Kg5 Rd7 44. f4 Rd2 45. g4 fxg4 46. hxg4 Rd5+ 47. f5 Ka8 48. Kf4 gxf5 49. gxf5 h5 50. f6 Rd1 51. Kg5 Rf1 52. Kg6 h4 53. f7 h3 54. Bd6 Kxa7 55. Kg7 Rg1+ 56.
Kh7 h2 57. Bxh2 Rf1 58. Kg8 Kb6 59. Bd6 Kc6 60. f8=Q Rxf8+ 61. Bxf8 Kb5 62. Bc5 Kc6 63. Kf7 Kb7 64. Ke6 Kc6 65. Ke5 Kb7 66. Kd4 Ka6 67. Kc4 Kb7 68. b5 Kb8 69. Kd5 Kb7 70. Kd6 Kc8 71.
Kc6 Kb8 72. b6 Ka8 73. b7+ Kb8 74. Bd6+ Ka7 1-0

[Event "Early-Titled-Tuesday-Blitz-February-06-2024"]
[Site "Chess.com"]
[Date "2024.02.06"]
[Round "5"]
[White "Maitreia"]
[Black "guillembaches"]
[Result "1-0"]
[WhiteElo "2748"]
[BlackElo "2559"]
[TimeControl "180+1"]
[EndTime "8:56:06 PST"]
[Termination "Maitreia won on time"]

1. c4 e6 2. g3 d5 3. Nf3 a6 4. b3 Nf6 5. Bb2 Be7 6. Bg2 O-O 7. O-O b6 8. cxd5 exd5 9. d4 Bb7 10. Nc3 Nbd7 11.
Ne5 Bd6 12. f4 Qe7 13. Rc1 c5 14. dxc5 Bxc5+ 15. Kh1 Nxe5 16. fxe5 Ng4 17. Nxd5 Bxd5 18. Qxd5 Nf2+ 19. Rxf2 Bxf2 20. Rf1 Bc5 21. Qc4 b5 22. Qg4 Rad8 23. e6 fxe6 24. Rxf8+ Rxf8 25. Bf3 e5 26. Qe4 Bd6 27. Qc6 Kh8 28. Qxa6 b4 29. Qc4 h6 30. Kg2 Qf6 31. Qe4 Qe7 32.
h4 Qf6 33. h5 Qe7 34. Bc1 Qf6 35. Be3 Qe7 36. Bf2 Bc5 37. Be1 Bd4 38. Bd2 Bc3 39. Be3 Qf6 40. Qd5 Qf5 41. Qc6 Qf6 42. Qc4 Qf5 43. a4 Qf6 44. a5 Qd6 45. Qd5 Qc7 46.
a6 Rd8 47. Qb7 Qd6 48. a7 1-0

[Event "Early-Titled-Tuesday-Blitz-February-06-2024"]
[Site "Chess.com"]
[Date "2024.02.06"]
[Round "5"]
[White "ploxoi"]
[Black "Chernobay_Artem"]
[Result "0-1"]
[WhiteElo "2458"]
[BlackElo "2649"]
[TimeControl "180+1"]
[EndTime "8:56:06 PST"]
[Termination "Chernobay_Artem won by checkmate"]

1. d4 Nf6 2. c4 g6 3. Nc3 Bg7 4. e4 d6 5. Nf3 O-O 6. Be2 e5 7.
d5 a5 8. Be3 Na6 9. Nd2 Nc5 10.
O-O Bd7 11. Qc2 Kh8 12. b3 Ng8 13. a3 f5 14. b4 Na6 15. b5 Nc5 16. Bxc5 dxc5 17.
b6 cxb6 18. Rab1 Rf6 19. Rb3 Bh6 20. Rfb1 Ra6 21. Nf1 Ne7 22. f3 Nc8 23. Ng3 Be3+ 24. Kh1 Bd4 25. Bd3 Nd6 26. Nce2 Ba4 27. exf5 gxf5 28.
Nxf5 Nxf5 29. Bxf5 b5 30. cxb5 Rab6 31. Bd3 Qxd5 32. Bc4 Qd7 33. Ng3 Rh6 34. Qd3 Bxb3 35. Rxb3 Rbg6 36. Nf1 Qe8 37. Rb1 Qe7 38. Re1 Qg5 39.
Re4 Qxg2# 0-1

[Event "Early-Titled-Tuesday-Blitz-February-06-2024"]
[Site "Chess.com"]
[Date "2024.02.06"]
[Round "5"]
[White "KhungThep"]
[Black "esrosenberg"]
[Result "1/2-1/2"]
[WhiteElo "2583"]
[BlackElo "2435"]
[TimeControl "180+1"]
[EndTime "8:56:07 PST"]
[Termination "Game drawn by repetition"]

1. d4 d5 2. c4 c6 3. Nc3 Nf6 4. cxd5 cxd5 5. f3 Qb6 6. e4 dxe4 7. fxe4 e5 8. dxe5 Ng4 9. Nh3 Bb4 10. Be2 Nxe5 11. Nf2 O-O 12. O-O Bxc3 13. bxc3 Nbc6 14. Qb3 Be6 15. Qxb6 axb6 16. Be3 Rxa2 17. Rxa2 Bxa2 18. Bxb6 Bc4 19. Bxc4 Nxc4 20. Bc5 Rb8 21. Rb1 b6 22. Bd4 Kf8 23. g3 f6 24. Kg2 Ke7 25. Ng4 Ke6 26. Ne3 Nxe3+ 27. Bxe3 b5 28. Kf3 g5 29. h4 h6 30. hxg5 hxg5 31. Ke2 Ke5 32. Kf3 g4+ 33. Kxg4 Kxe4 34. Bf4 Rg8+ 35. Kh5 Ne5 36. Bxe5 fxe5 37.
Rxb5 Rxg3 38. c4 Kf5 39. Kh4 Rg4+ 40. Kh3 Rxc4 41. Kg2 Kf4 42. Kf2 Rc2+ 43. Ke1 e4 44. Rb3 Rh2 45. Ra3 e3 46. Ra8 Rh1+ 47. Ke2 Rh2+ 48.
Ke1 Rh1+ 49. Ke2 Rh2+ 50. Ke1 1/2-1/2

[Event "Early-Titled-Tuesday-Blitz-February-06-2024"]
[Site "Chess.com"]
[Date "2024.02.06"]
[Round "5"]
[White "Herzog2012"]
[Black "aranibos"]
[Result "1-0"]
[WhiteElo "2529"]
[BlackElo "2277"]
[TimeControl "180+1"]
[EndTime "8:56:07 PST"]
[Termination "Herzog2012 won on time"]

1. e4 c6 2. d4 d5 3. Nc3 dxe4 4. Nxe4 Bf5 5. Nc5 b6 6. Nb3 Nf6 7. Nf3 Bg4 8. Be2 Bxf3 9. Bxf3 e6 10. O-O Bd6 11. c4 Qc7 12. g3 O-O 13. Bg5 Nbd7 14. Nd2 h6 15. Be3 Rad8 16. Qc2 Rfe8 17. Ne4 Bf8 18. Bf4 Qb7 19. Nd6 Bxd6 20. Bxd6 Nb8 21.
Be5 Nfd7 22. Bf4 e5 23. dxe5 Nxe5 24. Bg2 Ng6 25. Be3 Qc7 26. Rad1 Rxd1 27. Rxd1 Rd8 28.
Be4 Rxd1+ 29. Qxd1 Nf8 30. Bf4 Qc8 31. Bxb8 Qxb8 32.
Bxc6 Qe5 33. b3 Ne6 34. Bd5 Nd4 35. Qd3 Qe1+ 36. Kg2 Qe5 37. f4 Qe2+ 38. Qxe2 Nxe2 39. Kf2 Nc1 40. Ke3 Nxa2 41. Kd4 Kf8 42. c5 bxc5+ 43. Kxc5 a5 44. Bc6 Nb4 45. Ba4 Ke7 46. Kb5 Kd6 47.
Kxa5 Kc5 48. Be8 f6 49. Bd7 1-0

[Event "Early-Titled-Tuesday-Blitz-February-06-2024"]
[Site "Chess.com"]
[Date "2024.02.06"]
[Round "5"]
[White "kibromNNN"]
[Black "Roedor"]
[Result "0-1"]
[WhiteElo "1776"]
[BlackElo "2337"]
[TimeControl "180+1"]
[EndTime "8:56:07 PST"]
[Termination "Roedor won by resignation"]

1. d4 Nf6 2. c4 g6 3. Nc3 d5 4. cxd5 Nxd5 5. e4 Nxc3 6. bxc3 Bg7 7. Bc4 O-O 8. Ne2 c5 9. O-O Nc6 10. Be3 b6 11. Rc1 Qc7 12. f4 e6 13. Qd2 Bb7 14. f5 exf5 15. exf5 Na5 16. Bd3 Rfe8 17. f6 Bf8 18. Bf4 Qc6 19. Rf2 Qxf6 20. Be5 Qh4 21. Bf6 Qg4 22. h3 Qd7 23. Rcf1 Rac8 24. Be5 c4 25.
Bc2 Rxe5 26. Rxf7 Re7 27. R7f2 Rce8 28. Nf4 Rf7 29. Qd1 Bd6 30. Ba4 Bc6 31. Bxc6 Nxc6 32. Nd5 Rxf2 33. Rxf2 Be7 34. Re2 Qxd5 35. Rxe7 Rxe7 36.
Qf3 Qxf3 37. gxf3 Re3 38. Kf2 Rxc3 39. Kg3 Ne7 40. Kf4 Rd3 41. Kg5 Nd5 42. Kg4 c3 43. Kg3 c2 0-1

[Event "Early-Titled-Tuesday-Blitz-February-06-2024"]
[Site "Chess.com"]
[Date "2024.02.06"]
[Round "5"]
[White "bazar-wokzal"]
[Black "ilqar_74"]
[Result "1-0"]
[WhiteElo "2620"]
[BlackElo "2801"]
[TimeControl "180+1"]
[EndTime "8:56:08 PST"]
[Termination "bazar-wokzal won on time"]

1. e4 c5 2. c3 d5 3. exd5 Nf6 4. Bb5+ Bd7 5. Bxd7+ Qxd7 6. c4 e6 7. Qe2 Be7 8. dxe6 fxe6 9. Nf3 Nc6 10. O-O O-O 11.
Re1 e5 12. Nc3 Bd6 13. d3 Rae8 14. Bg5 Ng4 15. h3 Nf6 16. Ne4 Nh5 17. Nxd6 Qxd6 18. Nd2 Nf4 19. Bxf4 Rxf4 20. Ne4 Qf8 21. Rad1 Nd4 22.
Qd2 b6 23. a3 Qf5 24. b4 Qg6 25. Kh1 Ref8 26. bxc5 bxc5 27. Rb1 Qh5 28. Rb7 Rf3 29. Re3 Rxe3 30. Qxe3 Rf3 31. Rb8+ Rf8 32. Rxf8+ Kxf8 33. Nxc5 Qd1+ 34. Kh2 Ne2 35. f3 Qf1 36.
Nd7+ Kg8 37. Nxe5 h6 38. Ng6 Kh7 39. Nf4 Nxf4 40. Qxf4 Qa1 41. Qe4+ Kh8 42. c5 Qxa3 43. c6 Qd6+ 44. f4 a5 45. Qc4 Qc7 46. Kh1 Kh7 47. d4 a4 48. Qxa4 Qxf4 49. Qc2+ g6 50. c7 Qf1+ 51. Kh2 1-0

[Event "Early-Titled-Tuesday-Blitz-February-06-2024"]
[Site "Chess.com"]
[Date "2024.02.06"]
[Round "5"]
[White "smotherhubbard"]
[Black "FMStan15"]
[Result "0-1"]
[WhiteElo "2347"]
[BlackElo "2033"]
[TimeControl "180+1"]
[EndTime "8:56:08 PST"]
[Termination "FMStan15 won by resignation"]

1. d4 Nf6 2. c4 g6 3. f3 Bg7 4. e4 d6 5. Be3 O-O 6. Nc3 e5 7. d5 a5 8. Bd3 Na6 9. Nge2 Nc5 10. Bxc5 dxc5 11. O-O Ne8 12. f4 exf4 13. Nxf4 Nd6 14.
Qf3 Qg5 15. Rae1 Bd7 16. b3 Bxc3 17. Re2 Bd4+ 18. Kh1 Be5 19. Nh3 Qg4 20. Rc2 Qxf3 21. Rxf3 Bg4 22. Rf1 Bxh3 23. gxh3 Rae8 24. Rcf2 f6 25.
Kg2 Bd4 26. Re2 Re7 27. Rfe1 Rfe8 28. Kf3 Nf7 29. Bc2 Ne5+ 30. Kg3 Kg7 31. h4 h5 32. Kf4 Nd7 33. Rg2 Be5+ 34. Kf3 Kh6 35. a3 c6 36. Rb1 b6 37. Rd1 cxd5 38. exd5 f5 39. Rdg1 Rg7 40. Rg5 Reg8 41. R5g2 Nf6 42. Re1 Bc7 43. Re6 Rf8 44. Ke2 Re8 45. Rxe8 Nxe8 46.
Kd2 Re7 47. Bd1 Nf6 48. Bf3 Ne4+ 49. Bxe4 Rxe4 50. Kd3 Rd4+ 51. Ke3 Rxh4 52. Kf3 Rd4 53. Re2 Rd3+ 54. Kg2 Rxb3 55. Re7 Bf4 56. Re6 Rxa3 57. Rxb6 Rc3 58. Ra6 Rxc4 59. Rxa5 Rc2+ 60. Kf3 Bxh2 61. Ra6 Rd2 62. d6 Rxd6 63. Ra5 Rc6 64. Ke2 c4 65. Kd2 c3+ 66. Kc2 h4 67. Rd5 Bg3 68. Rd3 f4 69. Rd1 h3 70. Rh1 h2 0-1

[Event "Early-Titled-Tuesday-Blitz-February-06-2024"]
[Site "Chess.com"]
[Date "2024.02.06"]
[Round "5"]
[White "Cubitas"]
[Black "lachesisQ"]
[Result "0-1"]
[WhiteElo "2721"]
[BlackElo "3082"]
[TimeControl "180+1"]
[EndTime "8:56:09 PST"]
[Termination "lachesisQ won by resignation"]

1. e4 c5 2. Nc3 d6 3. d4 cxd4 4. Qxd4 Nc6 5. Qd2 e6 6. b3 Nf6 7. Bb2 Be7 8. O-O-O O-O 9. f3 Qa5 10. Kb1 Rd8 11. g4 d5 12. exd5 exd5 13. g5 d4 14. Nb5 Bb4 15. Qc1 Nd5 16. a3 a6 17.
Nxd4 Nxd4 18. Rxd4 Bc3 19. Ra4 Bxb2 20. Rxa5 Bxc1 21.
Kxc1 b6 22. Ra4 Nc3 23. Rc4 Rd1+ 24. Kb2 Rxf1 25. Kxc3 Be6 26. Rc7 Rc8 27. Rxc8+ Bxc8 28. Kd2 Bf5 29. h4 Kf8 30. c4 Ke7 31. b4 Ra1 32. Ke3 g6 33. Kf4 Bd3 34. h5 gxh5 35. Kg3 Bxc4 36.
Kg2 Ra2+ 37. Kg3 Bf1 38. Nh3 Bxh3 39. Rxh3 Rxa3 40. Rxh5 Rb3 41. Rxh7 Ke8 42. Rh8+ Ke7 43. Rh7 Kf8 44. Rh8+ Kg7 45. Rh6 Rxb4 46. Rc6 a5 47.
f4 a4 48. f5 a3 49. Rc7 Ra4 50. g6 a2 51. Rxf7+ Kg8 52. f6 a1=Q 53. Rg7+ Kf8 54. Rf7+ Ke8 55. Re7+ Kd8 56. g7 Qc3+ 57. Kf2 Qxf6+ 0-1

[Event "Early-Titled-Tuesday-Blitz-February-06-2024"]
[Site "Chess.com"]
[Date "2024.02.06"]
[Round "5"]
[White "NastyChess74"]
[Black "ChampStan"]
[Result "0-1"]
[WhiteElo "2268"]
[BlackElo "2122"]
[TimeControl "180+1"]
[EndTime "8:56:09 PST"]
[Termination "ChampStan won on time"]

1. Nf3 Nf6 2. b3 g6 3. Bb2 Bg7 4. e3 O-O 5. c4 d6 6. Be2 e5 7. d3 Nc6 8. Nbd2 Re8 9. O-O d5 10. a3 dxc4 11. dxc4 Bf5 12. b4 Ne4 13. Nb3 Qxd1 14.
Rfxd1 Rad8 15. Nh4 Be6 16. Rac1 a6 17. g4 Rxd1+ 18.
Rxd1 b5 19. cxb5 Bxb3 20. bxc6 Bxd1 21. Bxd1 Rd8 22. Bf3 Rd2 23. Bxe4 Rxb2 24. Bd5 Rb1+ 25. Kg2 Ra1 26. Nf3 Rxa3 27. Ng5 Ra4 28. Nxf7 Kf8 29. Nd8 Rxb4 30. Ne6+ Ke7 31. Nxg7 a5 32. Ne6 Kd6 33.
e4 a4 34. Nd8 a3 35. Nb7+ Ke7 36. Na5 Ra4 37. Nb3 a2 38. Na1 Kd6 39. Kg3 Kc5 40. f4 exf4+ 41. Kxf4 Kd6 42. h4 Kc5 43. h5 Kd4 44.
Kg5 gxh5 45. gxh5 Kc3 0-1

[Event "Early-Titled-Tuesday-Blitz-February-06-2024"]
[Site "Chess.com"]
[Date "2024.02.06"]
[Round "5"]
[White "RobertoJBM"]
[Black "Fandorine"]
[Result "0-1"]
[WhiteElo "2815"]
[BlackElo "2968"]
[TimeControl "180+1"]
[EndTime "8:56:10 PST"]
[Termination "Fandorine won by resignation"]

1. d4 Nf6 2. Nf3 d5 3. e3 g6 4.
Be2 Bg7 5. O-O O-O 6. c4 c6 7. b3 a6 8. Bb2 b5 9. a4 bxc4 10. bxc4 Bg4 11. Nbd2 Nbd7 12. Qc2 a5 13. Rfc1 Rb8 14. Bc3 Bf5 15. Bd3 e6 16. Bxf5 exf5 17. Rab1 Rxb1 18. Rxb1 Ne4 19. Bb2 Qa8 20. Ba3 Rb8 21.
cxd5 cxd5 22. g3 Rc8 23. Qb2 Nc3 24. Ra1 Qc6 25. Be7 Nxa4 26. Qa3 Ndb6 27. Nb3 Nc3 28. Qxa5 Ne4 29. Rc1 Nc4 30. Qa2 h6 31. Bb4 Qb5 32. Be1 Rb8 33. Rb1 Qe8 34. Kg2 g5 35. Ng1 f4 36. exf4 gxf4 37. Nc1 Rc8 38. Nd3 fxg3 39. hxg3 Ng5 40. Qe2 Bxd4 41. Rd1 Bg7 42. Nf4 Qe4+ 43. f3 Qxe2+ 44. Ngxe2 Ne3+ 45. Kg1 Nxd1 46. Nxd5 Re8 47. Kf1 Ne3+ 48. Nxe3 Rxe3 49. f4 Nf3 50.
Bf2 Re4 0-1

[Event "Early-Titled-Tuesday-Blitz-February-06-2024"]
[Site "Chess.com"]
[Date "2024.02.06"]
[Round "5"]
[White "toninhojit"]
[Black "TV27"]
[Result "1-0"]
[WhiteElo "2516"]
[BlackElo "2158"]
[TimeControl "180+1"]
[EndTime "8:56:10 PST"]
[Termination "toninhojit won by resignation"]

1. d4 f5 2. Nf3 Nf6 3. g3 g6 4.
Bg2 Bg7 5. O-O O-O 6. b3 e6 7.
Bb2 d5 8. c4 c6 9. Na3 b6 10.
Nc2 Nbd7 11. Nb4 Bb7 12. cxd5 exd5 13. Rc1 Rc8 14. Nd3 Ne4 15. Nfe5 Nxe5 16. dxe5 Qe7 17.
f3 Nc5 18. Ba3 Bxe5 19. Nxc5 bxc5 20. Bxc5 Bd6 21. Bd4 c5 22. Bb2 d4 23. Qd3 Rfe8 24. Rfe1 Qe3+ 25. Qxe3 Rxe3 26. Ba3 Ba6 27. Kf2 Rce8 28.
Bf1 f4 29. Bxc5 Bxc5 30. Rxc5 d3 31. Ra5 fxg3+ 32. hxg3 dxe2 33. Bg2 R3e6 34. f4 Rd6 35.
Bf3 Kf8 36. Bxe2 Bxe2 37. Rxe2 Rxe2+ 38. Kxe2 Rd7 39. Ke3 Kg7 40. g4 Kf6 41. g5+ Kg7 42.
Ra6 h5 43. gxh6+ Kh7 44. Kf3 Rf7 45. Kg4 Kxh6 46. b4 Rb7 47. a3 Kg7 48. Rc6 Kf7 49. Kg5 Rb5+ 50. Rc5 Rb7 51. Ra5 Rd7 52. b5 Rd5+ 53. Kg4 Kf6 54. Ra6+ Kf7 55. a4 Rd7 56. a5 Rb7 57. b6 axb6 58. Rxb6 Ra7 59. a6 Kg8 60. Rb8+ Kh7 61. Rb7+ Kh6 62. Rxa7 g5 63.
fxg5+ Kg6 64. Rg7+ Kxg7 65. a7 Kf7 66. a8=Q Ke6 67. Qf3 Ke5 68. g6 1-0

[Event "Early-Titled-Tuesday-Blitz-February-06-2024"]
[Site "Chess.com"]
[Date "2024.02.06"]
[Round "5"]
[White "FabianoCaruana"]
[Black "ActorXu"]
[Result "1-0"]
[WhiteElo "3050"]
[BlackElo "2868"]
[TimeControl "180+1"]
[EndTime "8:56:11 PST"]
[Termination "FabianoCaruana won by resignation"]

1. e4 e5 2. Nf3 Nf6 3. Nxe5 d6 4. Nd3 Nxe4 5. Qe2 Qe7 6. Nf4 Nc6 7. Nd5 Nd4 8. Nxe7 Nxe2 9. Nd5 Nd4 10. Na3 Kd8 11. c3 c6 12. Ne3 Nf5 13. d4 Nxe3 14. Bxe3 d5 15. Nc2 Bd6 16. f3 Nf6 17. Bd3 Be6 18. Kf2 h5 19. h4 Kc7 20. a4 a5 21. Bg5 Nd7 22. Rae1 Rae8 23. Bd2 f6 24. Bg6 Re7 25. Ne3 Nf8 26. Bd3 Nd7 27. Nf5 Bxf5 28. Bxf5 Rxe1 29. Rxe1 Nb6 30. b3 Kd8 31.
Bg6 Nc8 32. c4 Bb4 33. Bxb4 axb4 34. cxd5 cxd5 35. Rc1 Ne7 36. Bf7 Kd7 37. Rc5 b6 38. Rb5 Kc6 39. Rxb4 g6 40. g4 Rf8 41. Be6 f5 42. g5 Rb8 43. Ke3 Kd6 44. Bf7 Kc6 45.
Kf4 Kd6 46. Rb5 Kc6 47. Ke5 Rf8 48. Kf6 Kd6 49. Rxb6+ Kc7 50. Rb5 Nc6 51. Kg7 Nxd4 52. Kxf8 1-0

[Event "Early-Titled-Tuesday-Blitz-February-06-2024"]
[Site "Chess.com"]
[Date "2024.02.06"]
[Round "5"]
[White "Bodnar_Mykola"]
[Black "ChessQueen"]
[Result "1-0"]
[WhiteElo "2495"]
[BlackElo "2687"]
[TimeControl "180+1"]
[EndTime "8:56:11 PST"]
[Termination "Bodnar_Mykola won by resignation"]

1. e4 c6 2. d4 d5 3. exd5 cxd5 4. Bd3 Nc6 5. c3 Nf6 6. Bf4 g6 7. h3 Bf5 8. Nf3 Bxd3 9. Qxd3 Bg7 10. Nbd2 O-O 11.
O-O a6 12. a4 Re8 13. Rfe1 Nd7 14. Nb3 Qb6 15. Qd1 Rac8 16. a5 Qa7 17. Qd3 e6 18.
Bd6 Ne7 19. Nc5 Nxc5 20. Bxc5 Qb8 21. b4 Nf5 22. g4 Nd6 23. Ne5 Nb5 24. Re2 Qc7 25.
Rae1 f6 26. Nf3 Qc6 27. g5 Na3 28. gxf6 Bxf6 29. Ne5 Bxe5 30. Rxe5 Nc4 31. Rg5 Qd7 32.
h4 Qf7 33. h5 Qf6 34. Qg3 Kg7 35. f3 Rg8 36. Kg2 Kf7 37. Rh1 gxh5 38. Rhxh5 Rxg5 39. Rxg5 Qxg5 40. Qxg5 Rg8 41. Qxg8+ Kxg8 42. Kg3 Kf7 43.
Kg4 Kg6 44. Kf4 h5 45. Be7 Nd2 46. Ke5 Kf7 47. Kd6 Nxf3 48. Bd8 h4 49. Bxh4 Nxh4 50.
Kc7 e5 51. dxe5 Ke6 52. Kxb7 Nf3 53. b5 d4 54. cxd4 axb5 55. a6 b4 56. a7 b3 57.
a8=Q Nxd4 58. Qa5 Kf5 59. Qc3 Kxe5 60. Kb6 Kd5 61. Ka5 Ke4 62. Kb4 Kd5 63. Qc4+ Ke5 64. Kc5 1-0

[Event "Early-Titled-Tuesday-Blitz-February-06-2024"]
[Site "Chess.com"]
[Date "2024.02.06"]
[Round "5"]
[White "JaackCamel"]
[Black "AniJak"]
[Result "0-1"]
[WhiteElo "2156"]
[BlackElo "2390"]
[TimeControl "180+1"]
[EndTime "8:56:11 PST"]
[Termination "AniJak won on time"]

1. d4 f5 2. c4 Nf6 3. g3 g6 4.
Bg2 Bg7 5. Nf3 O-O 6. O-O d6 7. Nc3 Nc6 8. d5 Ne5 9. Qb3 Rb8 10. Be3 Nxf3+ 11. exf3 b6 12. Nb5 a6 13. Nd4 Bd7 14.
Qc2 Qe8 15. b3 e5 16. dxe6 Bxe6 17. Nxe6 Qxe6 18. Rad1 Kh8 19. Bd4 Nd7 20. Bxg7+ Kxg7 21. Rfe1 Qf6 22. f4 a5 23. a3 Rfe8 24. Bc6 Qf7 25.
Qc3+ Kg8 26. b4 Rxe1+ 27. Rxe1 Nf6 28. Qe3 Rf8 29. Qe6 Qxe6 30. Rxe6 Kg7 31. Kg2 Rf7 32. h3 h6 33. f3 Ng8 34. Be8 Re7 35. Rxe7+ Nxe7 36. Kf2 Kf6 37. Ke3 c6 38. Kd4 Ke6 39. c5 dxc5+ 40. bxc5 b5 41. h4 Kf6 42. g4 Ke6 43. g5 h5 44. Kd3 Kd5 45. Kc3 Kxc5 46. Bf7 b4+ 47. axb4+ axb4+ 48. Kb3 Kb5 49. Be8 Kc5 50.
Bf7 Kd4 0-1

[Event "Early-Titled-Tuesday-Blitz-February-06-2024"]
[Site "Chess.com"]
[Date "2024.02.06"]
[Round "5"]
[White "LikeWater"]
[Black "LeRoidesChampions"]
[Result "1-0"]
[WhiteElo "2828"]
[BlackElo "2623"]
[TimeControl "180+1"]
[EndTime "8:56:12 PST"]
[Termination "LikeWater won by resignation"]

1. e4 e6 2. Qe2 c5 3. g3 Nc6 4.
Bg2 Nge7 5. Nf3 g6 6. O-O Bg7 7. c3 O-O 8. e5 d6 9. exd6 Qxd6 10. Na3 e5 11. Nc4 Qc7 12. d3 Be6 13. Ng5 Bd5 14.
a4 Rad8 15. Ne4 b6 16. f4 f5 17. Ng5 Bxg2 18. Kxg2 Qd7 19. fxe5 h6 20. Nf3 Qxd3 21. Qxd3 Rxd3 22. a5 b5 23. Nd6 a6 24. Nb7 Rd5 25. Be3 Nxe5 26. Nxc5 Nc4 27. Bg1 Nxb2 28. Nxa6 Bxc3 29.
Nc7 Rd7 30. Nxb5 Bg7 31. a6 Nc4 32. Ra2 Nd5 33. Re1 Nb4 34. Ra4 Nd3 35. Rxc4 Nxe1+ 36. Nxe1 Re8 37. Bf2 Re2 38. Kf1 Ra2 39. a7 Rdd2 40. Be3 Rxh2 41. Rc8+ Kh7 42. a8=Q Rh1+ 43. Qxh1 Ra8 44.
Rxa8 1-0

[Event "Early-Titled-Tuesday-Blitz-February-06-2024"]
[Site "Chess.com"]
[Date "2024.02.06"]
[Round "5"]
[White "karinachess1"]
[Black "LiadCuba"]
[Result "1-0"]
[WhiteElo "2631"]
[BlackElo "2452"]
[TimeControl "180+1"]
[EndTime "8:56:12 PST"]
[Termination "karinachess1 won on time"]

1. d4 d5 2. c4 e6 3. Nc3 Nf6 4.
cxd5 Nxd5 5. e4 Nxc3 6. bxc3 c5 7. Nf3 cxd4 8. cxd4 Bb4+ 9. Bd2 Bxd2+ 10. Qxd2 O-O 11.
Bc4 Nd7 12. O-O b6 13. Rfe1 Bb7 14. Bd3 Rc8 15. Rad1 Re8 16. Qf4 Qc7 17. Qh4 h6 18.
h3 Qb8 19. Bb5 Bc6 20. Ba6 Bb7 21. Bb5 Bc6 22. a4 Qa8 23. d5 exd5 24. exd5 Rxe1+ 25. Nxe1 Bxb5 26. axb5 Rd8 27. Nc2 Nf6 28. Nb4 Rd7 29. Qc4 Qe8 30. Qc6 Qe4 31. Qc3 Qe2 32. Qd3 Qb2 33. Qd4 Qb3 34. d6 Qa4 35. Nc6 Qxb5 36.
Ne7+ Kh8 37. Rc1 Rd8 38. g3 Qd7 39. Rd1 Qe6 40. Nc6 Rd7 41. Ne5 Rd8 42. h4 Nd7 43.
Nc6 Re8 44. Nxa7 Ne5 45. Kg2 Qd7 46. Qxb6 Qg4 47. Qd4 Qf3+ 48. Kh2 Qb7 49. d7 Nf3+ 50. Kh3 Rd8 51. Qc5 1-0

[Event "Early-Titled-Tuesday-Blitz-February-06-2024"]
[Site "Chess.com"]
[Date "2024.02.06"]
[Round "5"]
[White "blitzking1729"]
[Black "Sam_ChessMood"]
[Result "0-1"]
[WhiteElo "2741"]
[BlackElo "2914"]
[TimeControl "180+1"]
[EndTime "8:56:13 PST"]
[Termination "Sam_ChessMood won on time"]

1. c4 e5 2. Nc3 Bb4 3. Nd5 Be7 4. d4 d6 5. e4 Nf6 6. Nxe7 Qxe7 7. f3 O-O 8. Ne2 Nh5 9. g4 Qh4+ 10. Kd2 Nf6 11. Qe1 Qh6+ 12. Kc3 Qg6 13. h3 b5 14. cxb5 a6 15. d5 axb5 16. Ng3 c6 17. h4 b4+ 18. Kc2 Nxd5 19. h5 Qe6 20. exd5 cxd5 21. Qxb4 Nc6 22. Qc3 Nd4+ 23. Kd1 Bd7 24. Ne2 Nb5 25. Qd2 d4 26.
Ng3 Nc7 27. Ke1 Qd5 28. Kf2 f5 29. Qc2 Kh8 30. gxf5 Na6 31. Bd2 Nc5 32. Bc4 Qc6 33. b4 d5 34. bxc5 dxc4 35. Qxc4 Bxf5 36. Nxf5 Rxf5 37. Rh3 Raf8 38. Qd3 e4 39. Qxd4 Rd5 40.
Qe3 Rd3 41. Qe2 Rdxf3+ 42. Rxf3 Rxf3+ 43. Ke1 Qxc5 44. Kd1 Qg1+ 45. Be1 Qd4+ 0-1

[Event "Early-Titled-Tuesday-Blitz-February-06-2024"]
[Site "Chess.com"]
[Date "2024.02.06"]
[Round "5"]
[White "lilleper1"]
[Black "Sattarov_Bobur"]
[Result "0-1"]
[WhiteElo "2909"]
[BlackElo "2782"]
[TimeControl "180+1"]
[EndTime "8:56:14 PST"]
[Termination "Sattarov_Bobur won by resignation"]

1. e4 e5 2. Nf3 Nc6 3. Bb5 a6 4.
Ba4 Bc5 5. O-O Qf6 6. c3 Nge7 7. d3 h6 8. Be3 Ba7 9. d4 O-O 10.
dxe5 Nxe5 11. Bxa7 Rxa7 12. Nxe5 Qxe5 13. Nd2 d6 14. Re1 Ng6 15. Bb3 Qf6 16. Qf3 Qxf3 17. Nxf3 Bg4 18. Nd4 Raa8 19. f3 Bd7 20. Rad1 Rfe8 21.
g3 Kf8 22. Kf2 a5 23. Bc4 Bc6 24. Bb5 Ne7 25. a4 Red8 26. f4 Be8 27. Bxe8 Rxe8 28. Nb5 Rac8 29. Kf3 Red8 30. c4 Nc6 31. Rd2 Nb4 32.
h4 h5 33. g4 hxg4+ 34. Kxg4 Na6 35. Kf3 Re8 36. h5 Re6 37. Nc3 Rce8 38. Rd5 b6 39. Rg5 Nc5 40. Rg2 c6 41. Rge2 Rf6 42. Rd1 Rfe6 43. f5 Rf6 44. Red2 Nd7 45. Rxd6 Ne5+ 46. Kf4 Nxc4 47. Rxf6 gxf6 48. b3 Ne5 49. h6 Ke7 50.
Ne2 Rh8 51. Rh1 Rd8 52. h7 Rh8 53. Rh6 Nd3+ 54. Kg3 Ne5 55. Nd4 Kd6 56. Kf4 Kc5 57.
Nc2 Nd3+ 58. Ke3 Ne5 59. Rh4 b5 60. axb5 cxb5 61. Kd2 Nf3+ 0-1

[Event "Early-Titled-Tuesday-Blitz-February-06-2024"]
[Site "Chess.com"]
[Date "2024.02.06"]
[Round "5"]
[White "Boundless_Strike"]
[Black "DevikBronstein"]
[Result "0-1"]
[WhiteElo "2668"]
[BlackElo "2906"]
[TimeControl "180+1"]
[EndTime "8:56:15 PST"]
[Termination "DevikBronstein won on time"]

1. d4 Nf6 2. f3 d5 3. e4 dxe4 4. Nc3 exf3 5. Nxf3 g6 6. Bf4 Bg7 7. Qd2 O-O 8. O-O-O Bg4 9. Be2 Nd5 10. Be5 Nc6 11. Bxg7 Kxg7 12. h3 Bxf3 13. Bxf3 e6 14. h4 h6 15. h5 g5 16. Nxd5 exd5 17. c4 dxc4 18. Qc3 Qd6 19. Rhf1 Nb4 20. d5+ f6 21. Qxc4 Rae8 22. Kb1 Re5 23. a3 Na6 24. Rc1 f5 25.
Rfe1 Rfe8 26. Rxe5 Qxe5 27. Qb5 Rb8 28. g4 fxg4 29.
Bd1 c6 30. Qd3 Qf6 31. Bc2 cxd5 32. Rf1 Qxf1+ 33. Qxf1 Rf8 34. Qd3 Rf6 35. Qh7+ Kf8 36. Qh8+ Ke7 37. Bg6 Ke6 38. Qe8+ Kd6 39. Qd8+ Ke6 40.
Qc8+ Ke5 41. Qxb7 g3 42. Ka2 g2 43. Qxa7 d4 44. Qe7+ Re6 0-1